 Dungeon Crawl Stone Soup version 0.28.0-53-g5a82cb258f (webtiles) character file.

Game seed: 12688188706981479534

96 firemarshallily the Chiller (level 4, 0/30 HPs)
             Began as a Merfolk Ice Elementalist on June 11, 2022.
             Was a Believer of Dithmenos.
             Slain by a bullfrog zombie (3 damage)
             ... on level 3 of the Dungeon.
             The game lasted 00:06:28 (3049 turns).

firemarshallily the Chiller (MfIE)                  Turns: 3049, Time: 00:06:29

Health: 0/30       AC:  9    Str:  8    XL:     4   Next: 67%
Magic:  0/8        EV: 13    Int: 16    God:    Dithmenos [**....]
Gold:   102        SH:  0    Dex: 14    Spells: 2/9 levels left

rFire   . . .      SeeInvis .   b - +0 short sword
rCold   . . .      Faith    .   (no shield)
rNeg    . . .      Spirit   .   a - +0 robe
rPois   .          Reflect  .   (no helmet)
rElec   .          Harm     .   (no cloak)
rCorr   .          Rampage  .   j - +0 pair of gloves
Will    .....                   (no boots)
Stlth   ++........              (no amulet)
HPRegen 0.10/turn               (no ring)
MPRegen 0.11/turn               (no ring)

@: ice-armoured, wreathed by umbra
A: (nimble swimmer 2), mertail
a: Renounce Religion, Shadow Step


You were on level 3 of the Dungeon.
You worshipped Dithmenos.
Dithmenos was pleased with you.
You visited 1 branch of the dungeon, and saw 3 of its levels.

You collected 102 gold pieces.

Inventory:

Hand Weapons
 b - a +0 short sword (weapon)
 i - a +0 halberd
Missiles
 e - 32 stones
 k - 6 poisoned darts (quivered)
Armour
 a - a +0 robe (worn)
 j - a +0 pair of gloves (worn)
Wands
 l - a wand of polymorph (8)
Scrolls
 g - a scroll of brand weapon {unknown}
 h - a scroll of identify {unknown}
 m - a scroll of blinking {unknown}
Potions
 c - a potion of heal wounds {unknown}
 d - a potion of might {unknown}
 f - a potion of curing


   Skills:
 + Level 1.0 Polearms
 - Level 3.0 Dodging
 + Level 2.4 Stealth
 * Level 3.2 Spellcasting
 * Level 5.3 Ice Magic


You had 2 spell levels left.
You knew the following spells:

 Your Spells              Type           Power      Damage    Failure   Level
a - Freeze                Ice            76%        1d9       1%          1
b - Frozen Ramparts       Ice            38%        1d5       6%          3
c - Ozocubu's Armour      Ice            19%        N/A       6%          3

Your spell library contained the following spells:

 Spells                   Type           Power      Damage    Failure   Level
 Hailstorm                Conj/Ice       11%        3d5       52%         4
 Animate Dead             Necr           1%         N/A       88%         4
 Borgnjor's Vile Clutch   Necr/Erth      1%         N/A       99%         5
 Death Channel            Necr           1%         N/A       100%        6


Dungeon Overview and Level Annotations

Branches:
Dungeon (3/15)

Altars:
Dithmenos


Innate Abilities, Weirdness & Mutations

((You are very nimble when in or above water. (Stealth+, EV+, Speed+++)))
Your lower body shifts to a powerful aquatic tail in water.


Message History

The frozen ramparts melt away.
The bullfrog zombie barely misses you. The bullfrog zombie closely misses you.
You hit the bullfrog zombie.
The bullfrog zombie is moderately damaged.
The bullfrog zombie misses you.
You hit the bullfrog zombie but do no damage.
The bullfrog zombie is moderately damaged.
The bullfrog zombie hits you.
Your magical contamination has completely faded away.
You hit the bullfrog zombie.
The bullfrog zombie is moderately damaged.
The bullfrog zombie closely misses you. The bullfrog zombie hits you.
You hit the bullfrog zombie.
The bullfrog zombie is moderately damaged.
The bullfrog zombie hits you.
* * * LOW HITPOINT WARNING * * *
The bullfrog zombie hits you.
* * * LOW HITPOINT WARNING * * *
The bullfrog zombie barely misses you. The bullfrog zombie barely misses you.
A bat comes into view.
Found a stone staircase leading down.
The bullfrog zombie hits you.
* * * LOW HITPOINT WARNING * * *
The bat barely misses you.
It was a potion of curing.
You feel better. The bullfrog zombie misses you.
Found 6 gold pieces.
The bat barely misses you.
The bullfrog zombie completely misses you.
The bat barely misses you.
Casting: Freeze (safe; 1% risk of failure)
Confirm with . or Enter, or press ? or * to list all spells.
A film of ice covers your body! The bat hits you but does no damage.
The bullfrog zombie hits you.
* * * LOW HITPOINT WARNING * * *
Your icy armour will break if you move.
Continue?
Okay, then.
You hit the bat.
You kill the bat!
Dithmenos accepts your kill. The bullfrog zombie hits you.
You die...

#..........# ##
#.##.#.##### ##.
#......# ... ###...##
###.. #...# # #....#
#...# ####.. ..... #...#
#.....
#..##..######...###..)..
.$.....@Z...............
......†....)....>...<...
...#....................
# #...######...####....
..... #....... ....#
.....# #.#...###.#.##
##.>.. #.#...# #. .....
# #...# #. J....


You could see a bullfrog zombie.

Vanquished Creatures
  4 adders
  An orc (D:3)
  7 bats
  4 endoplasms (D:2)
  4 giant cockroaches
  5 goblins
  5 hobgoblins
  3 jackals (D:2)
  6 quokkas
  3 ball pythons
  3 frilled lizards
  6 kobolds
  7 rats
58 creatures vanquished.

Notes
Turn   | Place    | Note
-------+----------+-------------------------------------------
     0 | D:1      | firemarshallily the Merfolk Ice Elementalist began the
                  | quest for the Orb.
     0 | D:1      | Reached XP level 1. HP: 13/13 MP: 3/3
   316 | D:1      | Reached XP level 2. HP: 18/19 MP: 0/5
   819 | D:1      | Reached XP level 3. HP: 24/24 MP: 2/6
   842 | D:1      | Learned a level 3 spell: Frozen Ramparts
   846 | D:1      | Learned a level 3 spell: Ozocubu's Armour
   966 | D:1      | Found a faded altar of an unknown god.
   968 | D:1      | Prayed at the altar of an unknown god.
   968 | D:1      | Became a worshipper of Dithmenos the Shadowed
   968 | D:1      | Reached * piety under Dithmenos
  1372 | D:2      | Reached skill level 5 in Ice Magic
  1851 | D:2      | Reached XP level 4. HP: 25/30 MP: 3/8
  2970 | D:3      | Reached skill level 1 in Polearms
  3027 | D:3      | Reached ** piety under Dithmenos
  3049 | D:3      | Slain by a bullfrog zombie

Illustrated notes

Levels and vault maps discovered:
D:1:      kilobyte_arrival_exit_the_forest, layout_rooms,
          chequers_ecumenical_altar_twisty, st_stairs_9, minmay_vboxes
D:2:      layout_loops_ring
D:3:      layout_loops_cross, lemuel_tele_altar, grunt_qazlal_clouds,
          serial_aquarium, aquarium_bridge_long_joined [aquarium_subvault_wall,
          aquarium_subvault_bridge, aquarium_subvault_bridge,
          aquarium_subvault_wall, aquarium_subvault_bridge,
          aquarium_subvault_wall], aquarium_bridge_straight
          [aquarium_subvault_bridge, aquarium_subvault_window,
          aquarium_subvault_bridge, aquarium_subvault_window],
          aquarium_window_fake, aquarium_window_fake, aquarium_window_1,
          aquarium_view_2d, aquarium_view_2b

Skill      XL: |  1  2  3  4 |
---------------+-------------+-----
Dodging        | 3 |  3.0
Ice Magic      | 5 |  5.3
Spellcasting   | 3 |  3.2
Polearms       | 1 |  1.0
Stealth        | |  2.4

Action                   |  1- 3 |  4- 6 || total
-------------------------+-------+-------++-------
Melee: Short sword       |    44 |    80 ||   124
       Punch             |     1 |       ||     1
 Cast: Freeze            |    39 |    10 ||    49
       Frozen Ramparts   |     1 |     1 ||     2
       Ozocubu's Armour  |       |     1 ||     1
  Use: Scroll            |     2 |       ||     2
       Potion            |       |     1 ||     1
 Stab: Sleeping          |     4 |     6 ||    10
Armor: Robe              |    10 |    10 ||    20
Dodge: Dodged            |    61 |    67 ||   128
